 Dungeon Crawl Stone Soup version 0.26-a0-812-g31a745ddcd (webtiles) character file.

Game seed: 15139323329863065037

236 CypherZel the Insei (level 6, -4/42 HPs)
             Began as an Octopode Transmuter on Nov 15, 2020.
             Slain by an iguana (15 damage)
             ... on level 3 of the Dungeon.
             The game lasted 00:11:47 (4409 turns).

CypherZel the Insei (Octopode Transmuter)           Turns: 4409, Time: 00:11:47

Health: -4/42      AC:  1    Str:  7 (9)  XL:     6   Next: 6%
Magic:  10/10      EV: 13    Int: 15 (18) God:
Gold:   160        SH:  0    Dex:  9 (12) Spells: 10/11 levels left

rFire    + . .     SeeInvis .     - Unarmed
rCold    + . .     Faith    .   (no shield)
rNeg     . . .     Spirit   .   (helmet restricted)
rPois    +         Reflect  .   (no amulet)
rElec    +         Harm     .   c - ring of stealth
rCorr    +         Rampage  .   (no ring)
MR       .....                  (no ring)
Stlth    +++.......             (no ring)
HPRegen  0.14/turn              (no ring)
MPRegen  0.12/turn              (no ring)
                                (no ring)
                                (no ring)

@: resistant
A: almost no armour, stealthy swim, amphibious, 8 rings, constrict 8, camouflage
1, gelatinous body 1
a: no special abilities


You were on level 3 of the Dungeon.
You visited 1 branch of the dungeon, and saw 4 of its levels.

You collected 160 gold pieces.

Inventory:

Missiles
 k - 4 atropa-tipped darts (quivered)
 l - 39 poisoned darts
Jewellery
 b - an uncursed ring of teleportation
 c - a ring of stealth (left tentacle)
Scrolls
 a - a scroll of remove curse
 f - 2 scrolls of amnesia
Potions
 d - 3 potions of magic
 e - a potion of curing
 g - a potion of degeneration


   Skills:
 + Level 3.4 Fighting
 - Level 2.0 Dodging
 + Level 3.7 Unarmed Combat
 + Level 3.3 Spellcasting
 + Level 3.3 Transmutations


You had 10 spell levels left.
You knew the following spells:

 Your Spells              Type           Power        Failure   Level
a - Beastly Appendage     Tmut           ##....       4%          1

Your spell library contained the following spells:

 Spells                   Type           Power        Failure   Level
 Wereblood                Tmut           ##......     8%          2
 Spider Form              Tmut/Pois      #.........   28%         3
 Ice Form                 Ice/Tmut       #.......     67%         4
 Blade Hands              Tmut           ##........   80%         5


Dungeon Overview and Level Annotations

Branches:
Dungeon (4/15)
 Temple: D:4-7

Altars:


Innate Abilities, Weirdness & Mutations

You cannot wear most types of armour.
You are very stealthy in the water. (Stealth+)
You are amphibious.
You can wear up to eight rings at the same time.
You can use your tentacles to constrict eight enemies at once.
Your skin changes colour to match your surroundings (Stealth+).
Your rubbery body absorbs attacks. (AC +1, EV +1)


Message History

Okay, then.
As you read the scroll of fog, it crumbles to dust.
The scroll dissolves into smoke.
The iguana bites you.
The ogre hits you with a +0 giant spiked club!!
Ouch! That really hurt!
* * * LOW HITPOINT WARNING * * *
The iguana barely misses you.
Okay, then.
Okay, then.
It was a potion of curing.
You feel better. The iguana bites you.
It was a potion of degeneration.
There was something very wrong with that liquid.
You feel weakened.
You feel dopey.
You feel clumsy. The iguana bites you.
* * * LOW HITPOINT WARNING * * *
Okay, then.
It was a potion of resistance.
You feel protected. The iguana bites you!
You die...

................(..........##..##
.......##..................#....#
..........§§§§...............####
.....#....§§§§#####.###....###
..........§§§### #..# #....#
......(..###.§§###.## ######
.<.......# ###..##.# .........##
##lO#.# .)..###...# ##@..###
.#....[...#######....###
.###.#.##.......#.##...######
.###)#.##..####...####......#
.......###..####..## #...##.#
.##.<........###...###...##.#
.####.....##.............##)# .#
#.###....#.(...###...##.# ##
#...####..#..#.......##.#


You could see an ogre and an iguana.

Vanquished Creatures
  A scorpion (D:3)
  2 orc wizards (D:3)
  A killer bee zombie (D:3)
  4 adders
  An ooze (D:2)
  A worm (D:2)
  A dart slug (D:3)
  A leopard gecko (D:1)
  4 orcs
  3 giant cockroaches
  5 hobgoblins
  12 kobolds
  2 quokkas
  8 bats
  A frilled lizard (D:2)
  6 goblins
  10 rats
63 creatures vanquished.

Notes
Turn   | Place    | Note
-------+----------+-------------------------------------------
     0 | D:1      | CypherZel the Octopode Transmuter began the quest for the
                  | Orb.
     0 | D:1      | Reached XP level 1. HP: 13/13 MP: 3/3
   280 | D:1      | Reached XP level 2. HP: 18/18 MP: 3/5
  1359 | D:2      | Reached XP level 3. HP: 24/24 MP: 3/6
  2354 | D:2      | Reached XP level 4. HP: 14/31 MP: 5/7
  3073 | D:3      | Reached XP level 5. HP: 36/36 MP: 7/9
  4026 | D:3      | Reached XP level 6. HP: 35/42 MP: 10/10
  4409 | D:3      | Slain by an iguana

Illustrated notes

Levels and vault maps discovered:
D:1:      giann_bridges, layout_basic
D:2:      layout_rooms, hangedman_decor_peaks_small
D:3:      layout_rooms
D:4:      layout_basic, biasface_ghost_orc_armoury, chequers_arboretum,
          fedhas_altar_2

Skill      XL: |  1  2  3  4  5 |
---------------+----------------+-----
Fighting       | 2 3 |  3.4
Spellcasting   | 3 |  3.3
Transmutations | 3 |  3.3
Dodging        | |  2.0
Unarmed Combat | |  3.7

Action                   |  1- 3 |  4- 6 || total
-------------------------+-------+-------++-------
Melee: Unarmed           |    81 |    65 ||   146
       Constrict         |    30 |    22 ||    52
       Kick              |    24 |    17 ||    41
       Tentacles         |    15 |    10 ||    25
       Punch             |     1 |     3 ||     4
 Cast: Beastly Appendage |    29 |    17 ||    46
  Use: Scroll            |     7 |     5 ||    12
       Potion            |       |     6 ||     6
 Stab: Sleeping          |     2 |     5 ||     7
Armor: Skin              |     5 |     6 ||    11
Dodge: Dodged            |    62 |    42 ||   104

Table legend: (Time is in decaauts)
 A = Elapsed time spent in this place.
 B = Non-inter-level travel time spent in this place.
 C = Inter-level travel time spent in this place.
 D = Time resting spent in this place.
 E = Time spent auto-exploring this place.
 F = Levels seen in this place.
 G = Mean time per level.
                   A        B        C        D        E       F      G
               +--------+--------+--------+--------+--------+-----+--------+
         Total |   4409 |   4143 |    266 |   1955 |   1458 |   4 | 1102.2 |
       Dungeon |   4409 |   4143 |    266 |   1955 |   1458 |   4 | 1102.2 |
               +--------+--------+--------+--------+--------+-----+--------+

Top non-repeatable levels by time:
     D:2: 2036 daAuts
     D:3: 1220 daAuts
     D:1: 1147 daAuts
     D:4: 4 daAuts
